 Dungeon Crawl Stone Soup version 0.29.1-15-g9cfb28693d (webtiles) character file.

Game seed: 7263645292055767508

2027 Anriel the Skirmisher (level 9, -6/48 HPs)
             Began as a Deep Elf Hunter on Feb 27, 2023.
             Was an Initiate of Gozag.
             Mangled by Duvessa
             ... wielding a +0 rapier
              (11 damage)
             ... on level 7 of the Dungeon.
             The game lasted 00:36:11 (5487 turns).

Anriel the Skirmisher (Deep Elf Hunter)             Turns: 5487, Time: 00:36:12

Health: -6/48      AC:  7    Str:  8    XL:     9   Next: 3%
Magic:  18/18      EV: 16    Int: 21    God:    Gozag
Gold:   229        SH:  0    Dex: 22    Spells: 18/18 levels left

rFire   . . .      SeeInvis .   t - +3 shortbow (freeze)
rCold   . . .      Faith    .   (shield currently unavailable)
rNeg    . . .      Spirit   .   c - +0 leather armour
rPois   .          Reflect  .   d - +2 hat
rElec   .          Harm     .   (no cloak)
rCorr   .          Rampage  .   i - +0 pair of gloves
Will    .....                   j - +0 pair of boots
Stlth   ++........              (no amulet)
HPRegen 0.16/turn               h - +6 ring of intelligence
MPRegen 0.16/turn               (no ring)

@: lit by a corona, glowing
A: no striking features
a: Renounce Religion, Potion Petition, Call Merchant, Bribe Branch


You were on level 7 of the Dungeon.
You worshipped Gozag.
Gozag was aware of your devotion.
You visited 2 branches of the dungeon, and saw 8 of its levels.
You also visited: Sewer.

You collected 562 gold pieces.
You spent 226 gold pieces at shops.
You paid 107 gold pieces to Gozag.

Inventory:

Hand Weapons
 a - a +1 shortbow
 q - a +4 rapier of electrocution
 t - a +3 shortbow of freezing (weapon)
Missiles
 y - a throwing net
Armour
 c - a +0 leather armour (worn)
 d - a +2 hat (worn)
 e - a +1 robe of cold resistance
 i - a +0 pair of gloves (worn)
 j - a +0 pair of boots (worn)
Magical Staves
 f - a staff of earth
Jewellery
 h - a +6 ring of intelligence (left hand)
 w - a ring of ice
Wands
 s - a wand of roots (21)
 B - a wand of flame (18)
 C - a wand of mindburst (13)
Scrolls
 n - 2 scrolls of amnesia
 p - a scroll of teleportation
 v - a scroll of fog
 x - a scroll of identify
Potions
 b - a potion of berserk rage
 g - a potion of lignification
 k - a potion of magic
 l - 2 potions of cancellation
 m - 2 potions of brilliance
 o - a potion of mutation
 r - 6 potions of curing
 z - a potion of attraction


   Skills:
 - Level 2.0 Fighting
 + Level 9.4 Ranged Weapons
 - Level 3.0 Armour
 + Level 7.2 Dodging
 - Level 5.1 Stealth
 - Level 5.1 Spellcasting
 + Level 5.0 Translocations


You had 18 spell levels left.
You didn't know any spells.
Your spell library contained the following spells:

 Spells                   Type           Power      Damage    Failure   Level
 Apportation              Tloc           52%        N/A       1%          1
 Magic Dart               Conj           20%        1d4       16%         1
 Sting                    Tmut/Pois      20%        1d4       16%         1
 Call Imp                 Summ           5%         N/A       22%         2
 Poisonous Vapours        Pois/Air       10%        N/A       22%         2
 Mephitic Cloud           Conj/Pois/Air  5%         N/A       41%         3
 Olgreb's Toxic Radiance  Pois           5%         N/A       83%         4
 Alistair's Intoxication  Tmut/Pois      3%         N/A       99%         5


Dungeon Overview and Level Annotations

Branches:
Dungeon (7/15)             Temple (1/1) D:6           Sewer (visited)

Altars:
Ashenzari
Cheibriados
Dithmenos
Elyvilon
Fedhas
Gozag
Kikubaaqudgha
Makhleb
Nemelex Xobeh
Okawaru
Qazlal
Ru
Sif Muna
Trog
Uskayaw
Vehumet
Wu Jian
Xom
Yredelemnul
Zin
The Shining One

Shops:
D:2 (:(

Annotations:
D:7 Dowan, Duvessa


Message History

Aim: Duvessa, wielding a +0 rapier and wearing a +0 ring mail (severely wounded, 76% to hit)
You shoot an arrow.
The arrow hits Duvessa but does no damage.
Duvessa is severely wounded.
Duvessa hits you with a +0 rapier! Duvessa attacks as you move away!
Duvessa misses you. Duvessa attacks as you move away!
Duvessa closely misses you.
Dowan mumbles some strange words.
Dowan blinks!
Fire: t) +3 shortbow (freeze)
Press: ? - help, Q - select action, (/) - cycle Shift-Dir - straight line, f/p - Duvessa
Aim: Duvessa, wielding a +0 rapier and wearing a +0 ring mail (severely wounded, 76% to hit)
You shoot an arrow.
The arrow hits Duvessa but does no damage.
Duvessa is severely wounded.
Dowan mumbles some strange words.
Dowan blinks!
Duvessa barely misses you.
Fire: t) +3 shortbow (freeze)
Press: ? - help, Q - select action, (/) - cycle Shift-Dir - straight line, f/p - Duvessa
Aim: Duvessa, wielding a +0 rapier and wearing a +0 ring mail (severely wounded, 76% to hit)
You shoot an arrow.
The arrow hits Duvessa but does no damage.
Duvessa is severely wounded.
Dowan hits you with a +0 dagger. Duvessa hits you with a +0 rapier.
Fire: t) +3 shortbow (freeze)
Press: ? - help, Q - select action, (/) - cycle Shift-Dir - straight line, f/p - Duvessa
Aim: Duvessa, wielding a +0 rapier and wearing a +0 ring mail (severely wounded, 76% to hit)
You shoot an arrow. The arrow closely misses Duvessa.
Dowan hits you with a +0 dagger.
Duvessa drinks a potion.
Duvessa seems to grow stronger.
Dowan hits you but does no damage. Duvessa hits you with a +0 rapier!
Really walk into that teleport trap?
Duvessa attacks as you move away! Duvessa hits you with a +0 rapier!
* * * LOW HITPOINT WARNING * * *
You enter a teleport trap!
The teleport trap disappears.
Your surroundings seem slightly different.
As you read the scroll of summoning, it crumbles to dust.
Wisps of shadow whirl around you... Duvessa hits you with a +0 rapier!
You die...
Your body crumbles into a pile of gold.

######## ..# #...Y<.#
...# ##......# ...#
#l.@....# ...#
#KKe....# #..
#o.e.Y..# #.#
#.......# ####'###
##.......# #......#
.$$.....§.§###......#
....##...§.§§........#
.... #..≈§§≈§§≈§≈.≈.)#
$$ #..≈.§.§§§..§≈..#


You could see Duvessa (strong, ally target), a kobold brigand (ally target),
Dowan, a kobold, a friendly ice beast (summoned), a friendly sky beast
(summoned), a friendly iguana (summoned) and a friendly orc (summoned).

Vanquished Creatures
  Menkaure (D:7)
  A water moccasin (D:7)
  Pargi (Sewer)
  An ice beast (D:7)
  A black bear (D:7)
  4 ogres
  A centaur (D:4)
  3 phantoms
  A kobold brigand (D:6)
  A necrophage (D:3)
  2 bullfrogs (D:7)
  A scorpion (D:7)
  A howler monkey (D:6)
  2 hounds
  2 orc priests
  Ijyb (D:4)
  3 iguanas
  3 orc wizards
  9 adders
  4 gnolls (D:6)
  2 shadow imps
  2 white imps (D:6)
  2 worms
  2 dart slugs (D:5)
  18 orcs
  3 ball pythons
  4 endoplasms
  A giant cockroach (D:4)
  7 hobgoblins
  6 jackals
  2 quokkas
  7 bats
  3 frilled lizards
  4 goblins
  14 kobolds
120 creatures vanquished.

Notes
Turn   | Place    | Note
-------+----------+-------------------------------------------
     0 | D:1      | Anriel the Deep Elf Hunter began the quest for the Orb.
     0 | D:1      | Reached XP level 1. HP: 12/12 MP: 3/3
   395 | D:1      | Reached XP level 2. HP: 17/17 MP: 4/4
   601 | D:2      | Found Yxtiekh's Antique Weapon Shoppe.
   741 | D:2      | Found a faded altar of an unknown god.
   889 | D:2      | Found Qyareiwn's Book Boutique.
   996 | D:2      | Found Meomuc's Weapon Emporium.
  1182 | D:3      | Reached XP level 3. HP: 11/21 MP: 5/5
  1204 | D:3      | Noticed a necrophage
  1778 | D:3      | Reached skill level 1 in Spellcasting
  1778 | D:3      | Reached XP level 4. HP: 26/26 MP: 6/8
  1845 | D:3      | Killed a necrophage
  1846 | D:3      | Reached XP level 5. HP: 17/30 MP: 8/10
  2051 | D:4      | Noticed a centaur
  2058 | D:4      | Killed a centaur
  2272 | D:4      | Noticed a phantom
  2284 | D:4      | Killed a phantom
  2285 | D:4      | Reached skill level 5 in Stealth
  2285 | D:4      | Reached XP level 6. HP: 28/35 MP: 13/13
  2380 | D:4      | Reached skill level 5 in Dodging
  2523 | D:4      | Found a glowing drain.
  2532 | Sewer    | Entered a sewer
  2672 | Sewer    | Noticed Pargi
  2738 | Sewer    | Killed Pargi
  2739 | Sewer    | Reached skill level 1 in Armour
  2988 | D:4      | Noticed Ijyb
  2992 | D:4      | Killed Ijyb
  3066 | D:4      | Reached skill level 6 in Ranged Weapons
  3066 | D:4      | Reached XP level 7. HP: 40/40 MP: 16/16
  3249 | D:2      | Bought a +2 shortbow of freezing for 226 gold pieces
  3372 | D:5      | Entered Level 5 of the Dungeon
  3472 | D:5      | Reached skill level 5 in Spellcasting
  3604 | D:5      | Reached skill level 7 in Ranged Weapons
  3604 | D:5      | Reached skill level 1 in Translocations
  4100 | D:6      | Found a staircase to the Ecumenical Temple.
  4112 | Temple   | Entered the Ecumenical Temple
  4112 | Temple   | Found a transporter.
  4112 | Temple   | Found a transporter.
  4114 | Temple   | Found a transporter.
  4114 | Temple   | Found a transporter.
  4161 | Temple   | Became a worshipper of Gozag Ym Sagoz the Greedy
  4301 | D:6      | Reached XP level 8. HP: 19/44 MP: 17/17
  4668 | D:6      | Reached skill level 8 in Ranged Weapons
  5343 | D:7      | Noticed Menkaure
  5347 | D:7      | Killed Menkaure
  5348 | D:7      | Reached skill level 9 in Ranged Weapons
  5395 | D:7      | Found a sparkling altar of Nemelex Xobeh.
  5400 | D:7      | Found a glowing golden altar of the Shining One.
  5422 | D:7      | Reached skill level 5 in Translocations
  5422 | D:7      | Reached XP level 9. HP: 44/48 MP: 18/18
  5473 | D:7      | Noticed Duvessa
  5475 | D:7      | Noticed Dowan
  5487 | D:7      | Mangled by Duvessa

Illustrated notes

Levels and vault maps discovered:
D:1:      dpeg_arrival_castle, layout_rooms
D:2:      layout_loops_ring, serial_shops, shop, nicolae_shop_stone,
          nicolae_shop_trees, hellmonk_ecumenical_altar_crossroads
D:3:      layout_rooms, grunt_decor_resistance
D:4:      layout_gridville, portal_sewer_entry_d,
          corexii_item_surrounded_by_moat, hangedman_abyss_or_decor_passed,
          uniq_ijyb
D:5:      layout_cave_pools
D:6:      layout_basic, minmay_temple_entry_proselytizer
D:7:      layout_basic, mainiacjoe_overflow_large_starburst, serial_shops, shop,
          uniq_joseph, uniq_duvessa, uniq_menkaure
Temple:   hellmonk_temple_divided_pantheon

Skill      XL: |  1  2  3  4  5  6  7  8 |
---------------+-------------------------+-----
Stealth        | 2 3 4 5 |  5.1
Fighting       | 2 |  2.0
Dodging        | 3 4 5 7 |  7.2
Spellcasting   | 1 2 3 4 5 |  5.1
Armour         | 1 3 |  3.0
Ranged Weapons | 6 7 9 |  9.4
Translocations | 2 5 |  5.0

Action                   |  1- 3 |  4- 6 |  7- 9 || total
-------------------------+-------+-------+-------++-------
Melee: Shortbow          |     2 |       |       ||     2
 Fire: Shortbow          |   102 |   145 |   198 ||   445
  Use: Scroll            |     9 |     7 |     9 ||    25
       Potion            |     2 |     2 |     2 ||     6
Armor: Leather armour    |    29 |    16 |    18 ||    63
       Skin              |       |    18 |       ||    18
Dodge: Dodged            |    26 |    57 |    35 ||   118
